 Dungeon Crawl Stone Soup version 0.27-a0-328-g7f782ed93a (webtiles) character file.

Game seed: 17168148157031925556

9 inc the Vexing (level 2, 0/11 HPs)
             Began as a Felid Enchanter on Feb 11, 2021.
             Slain by a kobold
             ... wielding a +1 short sword of electrocution
              (6 damage)
             ... on level 1 of the Dungeon.
             The game lasted 00:00:27 (572 turns).

inc the Vexing (Felid Enchanter)                     Turns: 572, Time: 00:00:28

Health: 0/11       AC:  1    Str:  4    XL:     2   Next: 3%
Magic:  6/6        EV: 18    Int: 16    God:
Gold:   50         SH:  0    Dex: 16    Spells: 4/5 levels left
                                        Lives:  0   Deaths: 0

rFire    . . .     SeeInvis +     - Unarmed
rCold    . . .     Faith    .   (shield unavailable)
rNeg     . . .     Spirit   .   (armour unavailable)
rPois    .         Reflect  .   (helmet unavailable)
rElec    .         Harm     .   (cloak unavailable)
rCorr    .         Rampage  .   (gloves unavailable)
Will     .....                  (boots unavailable)
Stlth    +++.......             (no amulet)
HPRegen  0.03/turn              (no ring)
MPRegen  0.10/turn              (no ring)

@: quick
A: very small, no armour, no weapons or thrown items, stealth, claws 1, fangs 3,
see invisible, speed 1, shaggy fur 1, sharp paws
a: no special abilities


You were on level 1 of the Dungeon.
You visited 1 branch of the dungeon, and saw 1 of its levels.

You collected 50 gold pieces.

Inventory:

Scrolls
 a - a scroll of teleportation {unknown}
Potions
 b - a potion of curing {unknown}
 c - 2 potions of lignification {unknown}


   Skills:
 - Level 2.6 Dodging
 - Level 4.0 Stealth
 + Level 2.1 Unarmed Combat
 - Level 2.0 Spellcasting
 - Level 4.4 Hexes


You had 4 spell levels left.
You knew the following spells:

 Your Spells              Type           Power        Failure   Level
a - Corona                Hex            16%          3%          1

Your spell library contained the following spells:

 Spells                   Type           Power        Failure   Level
 Confusing Touch          Hex            15%          11%         3
 Tukima's Dance           Hex            15%          11%         3
 Ensorcelled Hibernation  Hex/Ice        16%          13%         2
 Dazzling Flash           Conj/Hex       16%          26%         3


Dungeon Overview and Level Annotations

Branches:
Dungeon (1/15)

Altars:


Innate Abilities, Weirdness & Mutations

You cannot wear armour.
You are incapable of wielding weapons or throwing items.
Your paws allow you to move quietly. (Stealth)
You have sharp claws.
You have razor-sharp teeth.
You have supernaturally acute eyesight. (SInv)
You cover ground quickly.
You are covered in fur. (AC +1)
Your sharp claws are effective at attacking unaware monsters.


Message History

There is a stone staircase leading down here.
There is a stone staircase leading down here.
You pounce on the unaware helpless bat!
You claw the bat!
You kill the bat!
No target in view!
No target in view!
No target in view!
No target in view!
You see here a bat corpse.
You see here 14 stones.
A bat comes into view.
A bat is nearby!
A bat is nearby!
A kobold comes into view.
It is wielding a +1 short sword of electrocution.
The bat hits you but does no damage. x2
You scratch the bat but do no damage. Your bite misses the bat.
The kobold shouts!
The bat closely misses you. The bat completely misses you.
The bat barely misses you.
You closely miss the bat. The bat closely misses you.
A kobold comes into view. It is wielding a +0 dagger.
You scratch the kobold.
The kobold is moderately wounded.
The bat misses you. The kobold misses you.
You barely miss the kobold. You bite the kobold, but do no damage.
The bat closely misses you.
The kobold hits you with a +1 short sword of electrocution.
You scratch the kobold but do no damage.
The bat closely misses you. The bat barely misses you.
The kobold barely misses you.
You scratch the kobold.
The kobold is moderately wounded.
The bat completely misses you.
The kobold hits you with a +1 short sword of electrocution.
You scratch the kobold but do no damage.
The bat barely misses you.
The kobold hits you with a +1 short sword of electrocution.
Ouch! That really hurt!
You die...

###.# #.### #. .#..#
#.... #. #.#.# #...#
#. #.#.# ###.# #.
#.#.# #.# #####.
#.#.#####.# ...#.##
###.#........ #...##
#...........#
####K@.###.#.#########
#...bK.......#
#.##...###.### #
#.#.## #.# ..##.# #.#
#.# #.# #.# #. #.# #..
# #.# ##. #.# .


You could see a bat and 2 kobolds.

Vanquished Creatures
  2 goblins (D:1)
  3 hobgoblins (D:1)
  A bat (D:1)
  A kobold (D:1)
  A rat (D:1)
8 creatures vanquished.

Notes
Turn   | Place    | Note
-------+----------+-------------------------------------------
     0 | D:1      | inc the Felid Enchanter began the quest for the Orb.
     0 | D:1      | Reached XP level 1. HP: 7/7 MP: 4/4
   456 | D:1      | Reached XP level 2. HP: 11/11 MP: 4/6
   572 | D:1      | Slain by a kobold

Illustrated notes

Levels and vault maps discovered:
D:1:      minmay_arrival_four_circles, layout_loops_ring

Skill      XL: |  1 |
---------------+----+-----
Unarmed Combat | 2 |  2.1
Dodging        | |  2.6
Stealth        | |  4.0
Spellcasting   | |  2.0
Hexes          | |  4.4

Action                   || total
-------------------------++-------
Melee: Unarmed           ||    30
       Bite              ||     1
 Cast: Corona            ||     3
 Stab: Sleeping          ||     2
Armor: Skin              ||     3
Dodge: Dodged            ||    30

Table legend: (Time is in decaauts)
 A = Elapsed time spent in this place.
 B = Non-inter-level travel time spent in this place.
 C = Inter-level travel time spent in this place.
 D = Time resting spent in this place.
 E = Time spent auto-exploring this place.
 F = Levels seen in this place.
 G = Mean time per level.
                   A        B        C        D        E       F      G
               +--------+--------+--------+--------+--------+-----+--------+
         Total |    521 |    521 |      0 |    176 |    257 |   1 |  521.0 |
       Dungeon |    521 |    521 |      0 |    176 |    257 |   1 |  521.0 |
               +--------+--------+--------+--------+--------+-----+--------+

Top non-repeatable levels by time:
     D:1: 521 daAuts
